AoeStats
← DYN_BenderGC

Arabian Desert

510338378Analyzed
1v1 RM · 2d ago on Sep 30, 2026· 36m 18s· 2 players
Game mode
Random Map
Map size
Tiny (2 player)
Population
200
Speed
Normal
Resources
Standard
Victory
Conquest
Starting age
Dark Age
Ending age
Imperial Age
RankedLock teamsTeams togetherTeam positionsShared explorationLock speedFull tech treeHidden civsTurbo modeCheats
Victory
Defeat
🇧🇷 Magyars · Brazil
1725
+15
🇵🇪 Wu · Peru
1700
-15
DYN_BenderGC
11:53 Feudal Age
12:32 Loom
17:22 Fletching
19:55 Castle Age
18:44 Fletching
19:02 Double-Bit Axe
20:42 Bodkin Arrow
24:18 Crossbowman
31:13 Ballistics
35:40 Scale Mail Armor
35:49 Horse Collar
[LCDR] Chorobura
6:31 Loom
9:28 Feudal Age
10:05 Double-Bit Axe
18:30 Horse Collar
19:00 Padded Archer Armor
18:57 Fletching
19:22 Fletching
25:18 Castle Age
24:07 Bloodlines
24:52 Wheelbarrow
25:54 Bodkin Arrow
26:40 Thumb Ring
27:10 Husbandry
28:05 Gold Mining
28:20 Heavy Plow
28:34 Bow Saw
30:46 Ballistics
30:37 Elite Skirmisher
32:19 Leather Archer Armor
Connection lost

Rejoining the realm…

Still unreachable

The connection could not be restored.

Session expired

The server has moved on; the page needs a fresh start.